Map: Dusk Towers

Players

LilDicky

  • Race: Terran Terran
  • League: Diamond

RADIOLOGIST - Winner!

  • Race: Zerg Zerg
  • League: Diamond

VOD

http://www.twitch.tv/tumescentpie

Description

Time

  • Played on: Dec. 26, 2015, 7:46 p.m.
  • Length: 12:40
Show
View Real Time Build Order
Export as new Build Order

LilDicky Terran 

Build Orders: Command Center First (CC), Mech 

Get SALT Encoding   

  12  0:01  SCV  
  13  0:13  SCV  
  14  0:24  Supply Depot  
  14  0:26  SCV  
  15  0:45  SCV  
  16  0:57  SCV  
  17  1:11  SCV  
  18  1:14  Command Center  
  18  1:22  Barracks  
  18  1:23  SCV  
  19  1:36  SCV  
  20  1:48  SCV  
  20  1:52  Command Center  
  21  2:00  SCV  
  22  2:08  Marine  
  22  2:10  Supply Depot  
  22  2:13  Orbital Command  
  23  2:29  Orbital Command  
  23  2:32  Marine  
  24  2:54  Command Center  
  24  2:55  SCV  
  25  3:00  SCV  
  26  3:06  Orbital Command  
  26  3:18  Bunker, Marine  
  26  3:19  SCV  
  28  3:20  SCV  
  28  3:26  Refinery  
  28  3:27  Refinery  
  29  3:28  Refinery  
  29  3:31  SCV x2  
  29  3:32  SCV  
  32  3:35  Marine  
  33  3:43  SCV  
  33  3:44  SCV  
  33  3:45  SCV  
  36  3:52  Bunker  
  36  3:53  Marine  
  37  3:56  SCV x2  
  37  3:57  SCV  
  40  4:08  SCV  
  41  4:12  Marine  
  41  4:13  Engineering Bay  
  41  4:15  SCV  
  41  4:16  Orbital Command  
  43  4:25  SCV  
  43  4:26  Refinery x2  
  43  4:29  SCV  
  43  4:30  Marine  
  43  4:31  SCV  
  47  4:32  Factory  
  47  4:38  SCV  
  48  4:41  SCV  
  49  4:47  Missile Turret, Marine  
  49  4:49  SCV, Missile Turret, Orbital Command  
  51  4:54  Missile Turret  
  51  4:58  SCV  
  52  5:05  Marine  
  53  5:07  Missile Turret x2  
  53  5:09  Hi-Sec Auto Tracking  
  53  5:10  Missile Turret  
  53  5:13  SCV x2  
  55  5:14  SCV x2  
  55  5:17  Factory  
  55  5:18  Refinery  
  55  5:19  Factory  
  57  5:21  Factory Tech Lab  
  57  5:23  Marine  
  57  5:25  SCV  
  57  5:26  Armory x2, SCV  
  57  5:27  SCV  
  61  5:31  SCV  
  62  5:37  SCV  
  62  5:38  SCV  
  62  5:39  SCV  
  62  5:41  Marine  
  66  5:43  SCV, Siege Tank  
  66  5:44  Supply Depot  
  66  5:46  Supply Depot  
  66  5:49  SCV  
  71  5:50  SCV  
  71  5:51  SCV  
  71  5:55  SCV, Starport  
  74  6:01  SCV, Refinery x2  
  74  6:02  SCV  
  74  6:03  Factory Tech Lab  
  76  6:04  Factory Reactor  
  76  6:06  SCV  
  76  6:07  Supply Depot, Missile Turret, SCV  
  78  6:12  Missile Turret  
  78  6:13  SCV  
  78  6:14  SCV  
  78  6:15  Missile Turret  
  78  6:18  SCV, Missile Turret  
  81  6:19  SCV  
  81  6:21  Supply Depot  
  81  6:23  Terran Vehicle And Ship Armor Level 1, Terran Vehicle Weapons Level 1  
  82  6:25  SCV  
  82  6:27  Armory  
  83  6:36  Starport Reactor  
  83  6:38  Fusion Core  
  83  6:42  Hellion, Siege Tank, Starport  
  83  6:43  Hellion x2  
  83  6:46  Marine  
  93  6:49  SCV, Supply Depot  
  93  6:52  SCV  
  95  6:54  Supply Depot  
  95  6:56  SCV x2  
  95  6:57  Supply Depot  
  97  7:01  SCV  
  97  7:03  Hellion  
  97  7:04  Liberator  
  97  7:05  SCV, Liberator  
  97  7:06  Marine  
  97  7:08  SCV x2  
  104  7:13  SCV  
  105  7:16  Siege Tank  
  105  7:17  Hellion x2, Infernal Pre-Igniter  
  105  7:20  SCV  
  105  7:21  Starport Tech Lab  
  116  7:25  Hellion  
  121  7:32  SCV  
  122  7:44  SCV  
  122  7:48  Supply Depot, Missile Turret  
  122  7:50  Supply Depot, Hellion x2, Siege Tank  
  130  7:53  Cloaking Field  
  130  7:54  Liberator  
  130  7:56  SCV, Terran Ship Weapons Level 1  
  131  7:59  Supply Depot x2, Building Armor  
  131  8:08  Command Center, SCV  
  131  8:10  Banshee, Siege Tank  
  141  8:18  Terran Vehicle Weapons Level 2, Terran Vehicle And Ship Armor Level 2  
  141  8:20  SCV  
  141  8:24  Hellion x2  
  141  8:25  Thor  
  152  8:32  SCV, Supply Depot  
  152  8:33  Factory  
  153  8:35  Factory  
  128  8:44  SCV  
  109  8:53  Battlecruiser, Hellion x2, Siege Tank  
  109  9:08  Siege Tank  
  104  9:15  Hellion x2  
  96  9:19  Liberator, Orbital Command  
  90  9:25  Siege Tank  
  85  9:32  Liberator  
  85  9:34  Hellion x2  
  85  9:36  Hellion x2  
  98  9:40  Siege Tank, Liberator  
  90  9:55  Hellion x2  
  90  9:57  Siege Tank  
  94  10:01  Hellion x2  
  96  10:08  SCV x4  
  96  10:12  Siege Tank  
  103  10:20  SCV x4  
  107  10:21  Factory Tech Lab  
  107  10:22  Factory Tech Lab  
  107  10:32  SCV x3  
  107  10:33  SCV  
  111  10:42  Command Center  
  111  10:44  SCV x3  
  111  10:45  SCV  
  115  10:52  Thor x3  
  115  10:53  Hellion x2  
  115  10:54  Starport Tech Lab x2  
  115  10:56  SCV x2  
  115  10:57  SCV x2  
  141  11:08  SCV x2, Behemoth Reactor  
  141  11:09  SCV x2  
  145  11:20  SCV  
  146  11:46  Thor, Hellion x3  
  155  11:53  Thor x2  
  167  11:54  Supply Depot  
  167  11:56  Supply Depot  
  167  11:57  Supply Depot  
  167  12:01  Command Center  
Show
View Real Time Build Order
Export as new Build Order

RADIOLOGIST Zerg - Winner!

Build Orders: Pool First 

Get SALT Encoding   

  12  0:01  Drone  
  13  0:08  Drone  
  14  0:26  Spawning Pool  
  13  0:30  Drone  
  14  0:56  Hatchery  
  13  0:59  Drone  
  14  1:06  Overlord  
  14  1:24  Queen  
  16  1:26  Drone x2  
  16  1:30  Drone  
  19  1:37  Drone  
  20  1:48  Drone  
  21  1:59  Hatchery  
  20  2:01  Drone  
  21  2:10  Queen  
  21  2:14  Drone  
  24  2:17  Drone  
  25  2:23  Overlord  
  25  2:29  Drone x2  
  27  2:32  Drone  
  28  2:40  Overlord  
  28  2:44  Drone  
  28  2:45  Drone x2  
  28  2:51  Drone x2  
  33  2:59  Queen  
  33  3:03  Drone x2  
  37  3:08  Overlord  
  38  3:12  Drone  
  38  3:13  Drone  
  38  3:15  Drone  
  38  3:19  Drone  
  41  3:20  Drone  
  41  3:24  Overlord  
  42  3:28  Queen  
  42  3:32  Extractor x2  
  42  3:34  Drone x2  
  42  3:35  Drone  
  42  3:36  Drone  
  46  3:42  Drone x3  
  49  3:52  Drone x4  
  49  3:53  Drone x2  
  57  4:10  Overlord x2  
  57  4:14  Drone  
  58  4:18  Overlord x2  
  58  4:19  Extractor  
  57  4:28  Queen x2  
  57  4:30  Lair  
  59  4:32  Drone x4  
  59  4:36  Evolution Chamber, Roach Warren  
  61  4:38  Overlord x2  
  61  4:49  Drone  
  61  4:50  Drone x5  
  67  4:56  Overlord  
  67  5:12  Zerg Missile Weapons Level 1  
  67  5:20  Spore Crawler  
  66  5:23  Spore Crawler  
  66  5:26  Glial Reconstitution  
  65  5:29  Roach x13  
  91  5:48  Drone x2  
  93  5:51  Roach  
  93  5:52  Roach x6  
  107  5:58  Overlord x2  
  107  6:01  Hatchery  
  107  6:03  Extractor x2  
  104  6:04  Extractor  
  103  6:13  Ravager x2  
  103  6:17  Overseer  
  105  6:20  Overlord  
  105  6:21  Overlord x2  
  105  6:34  Ravager  
  105  6:35  Ravager  
  105  6:39  Drone x4  
  111  6:43  Ravager  
  112  6:56  Evolution Chamber  
  112  6:57  Ravager x2  
  112  6:58  Roach  
  112  6:59  Roach  
  117  7:13  Roach  
  117  7:14  Roach x8  
  135  7:39  Roach x7  
  135  7:40  Roach x5  
  159  7:46  Overlord x4  
  159  7:47  Overlord  
  159  7:55  Hydralisk Den  
  159  7:56  Roach  
  159  7:58  Overlord x3  
  160  8:11  Overseer  
  160  8:25  Roach x13  
  160  8:26  Roach x4  
  127  9:15  Muscular Augments  
  127  9:16  Drone x2  
  127  9:17  Drone x3  
  125  9:19  Extractor x2  
  68  10:08  Zerg Missile Weapons Level 2, Zerg Ground Armor Level 1  
  68  10:16  Hydralisk x16  
  68  10:17  Hydralisk x7  
  68  10:20  Overseer x2  
  114  10:39  Hydralisk  
  114  10:40  Hydralisk x10  
  136  10:49  Drone x3  
  139  10:56  Roach x7  
  153  11:04  Hatchery  
  152  11:21  Roach x10  
  152  11:22  Roach x5  
  182  11:31  Roach  
  182  11:32  Roach x9  
  200  11:44  Overlord x3  
  200  12:07  Overlord x3  
  200  12:16  Overlord x3  
  200  12:19  Spire  
Tags
 
Add a new tag
Caveats
  • Supply blocks, unpowered buildings, or Contaminate may cause inaccurate times.
  • Supply counts are checked every 10 seconds.